Map: Ruins of Seras

Players

FLORENCIO - Winner!

  • Race: Protoss Protoss
  • League: Diamond

Minimal

  • Race: Zerg Zerg
  • League: Diamond

VOD

Have the link to the VOD?

Description

Carriers are over powered jk they are just right ;)

Time

  • Played on: Feb. 27, 2016, 3 p.m.
  • Length: 19:00
Show
View Real Time Build Order
Export as new Build Order

FLORENCIO Protoss - Winner!

Build Orders: Nexus First 

Get SALT Encoding   

  12  0:01  Probe (Chrono Boost)  
  13  0:12  Probe (Chrono Boost)  
  14  0:22  Probe (Chrono Boost)  
  15  0:37  Pylon  
  15  0:55  Probe (Chrono Boost)  
  16  1:05  Nexus, Probe (Chrono Boost)  
  17  1:21  Forge  
  17  1:33  Pylon  
  17  1:36  Probe (Chrono Boost)  
  18  1:43  Pylon  
  18  1:58  Photon Cannon  
  18  2:02  Gateway  
  18  2:06  Gateway  
  18  2:13  Probe (Chrono Boost)  
  19  2:21  Probe (Chrono Boost)  
  20  2:23  Probe (Chrono Boost)  
  20  2:27  Photon Cannon  
  21  2:31  Assimilator  
  21  2:32  Probe (Chrono Boost)  
  21  2:34  Probe (Chrono Boost)  
  21  2:36  Assimilator  
  23  2:43  Probe (Chrono Boost)  
  24  2:48  Pylon  
  24  2:53  Probe (Chrono Boost)  
  24  2:54  Probe (Chrono Boost)  
  26  3:08  Pylon  
  26  3:10  Zealot x2  
  30  3:17  Probe (Chrono Boost)  
  30  3:19  Probe (Chrono Boost)  
  32  3:28  Probe (Chrono Boost)  
  32  3:29  Photon Cannon  
  32  3:30  Probe (Chrono Boost)  
  34  3:38  Probe (Chrono Boost)  
  34  3:40  Probe (Chrono Boost)  
  36  3:49  Probe (Chrono Boost)  
  36  3:50  Photon Cannon  
  36  3:51  Photon Cannon, Probe (Chrono Boost)  
  38  3:59  Probe (Chrono Boost)  
  38  4:02  Photon Cannon  
  39  4:08  Probe (Chrono Boost)  
  40  4:10  Probe (Chrono Boost)  
  40  4:11  Assimilator  
  40  4:15  Assimilator  
  41  4:18  Probe (Chrono Boost)  
  40  4:34  Probe (Chrono Boost)  
  39  4:38  Pylon  
  39  4:43  Cybernetics Core  
  39  4:45  Probe (Chrono Boost)  
  40  4:46  Probe (Chrono Boost)  
  40  4:51  Photon Cannon  
  40  4:52  Photon Cannon  
  41  4:55  Probe (Chrono Boost)  
  41  4:56  Probe (Chrono Boost)  
  43  5:02  Protoss Ground Weapons Level 1 (Chrono Boost)  
  43  5:03  Zealot x2  
  43  5:06  Probe (Chrono Boost)  
  48  5:07  Probe (Chrono Boost)  
  49  5:22  Stargate  
  49  5:25  Stargate  
  49  5:28  Pylon  
  49  5:35  Stargate, Probe x2 (Chrono Boost)  
  51  5:40  Zealot x2  
  55  5:45  Nexus  
  55  5:59  Mothership Core (Chrono Boost)  
  57  6:07  Zealot x2  
  73  6:29  Oracle x3  
  70  6:37  Photon Cannon  
  70  6:41  Photon Cannon  
  70  6:44  Pylon  
  70  6:50  Pylon  
  70  6:52  Probe  
  70  6:53  Probe  
  72  7:02  Probe  
  72  7:05  Oracle x2 (Chrono Boost)  
  72  7:06  Probe  
  72  7:08  Oracle (Chrono Boost)  
  77  7:13  Probe  
  72  7:18  Pylon, Probe  
  73  7:25  Probe  
  74  7:30  Probe  
  74  7:34  Pylon  
  75  7:38  Oracle (Chrono Boost)  
  75  7:39  Pylon  
  75  7:40  Oracle (Chrono Boost)  
  75  7:41  Assimilator  
  75  7:43  Oracle (Chrono Boost)  
  84  7:45  Photon Cannon  
  84  7:46  Assimilator  
  84  7:52  Photon Cannon  
  84  7:53  Photon Cannon  
  84  7:54  Pylon  
  84  8:08  Photon Cannon  
  84  8:18  Nexus  
  84  8:27  Fleet Beacon  
  84  8:30  Pylon, Stargate  
  84  8:38  Photon Cannon  
  84  8:39  Pylon  
  66  9:22  Carrier x2 (Chrono Boost)  
  90  9:30  Probe  
  90  9:31  Stargate  
  90  9:32  Pylon  
  90  9:33  Pylon, Probe  
  90  9:34  Carrier (Chrono Boost)  
  90  9:35  Carrier (Chrono Boost)  
  92  9:40  Probe  
  92  9:43  Probe  
  92  9:44  Probe  
  95  9:51  Probe  
  95  9:54  Probe  
  95  9:56  Probe  
  95  9:57  Graviton Catapult  
  98  10:01  Probe  
  98  10:04  Probe  
  98  10:05  Assimilator  
  100  10:08  Probe  
  100  10:09  Assimilator  
  100  10:12  Pylon, Probe  
  102  10:14  Pylon  
  102  10:15  Probe  
  109  10:38  Carrier x2 (Chrono Boost)  
  109  10:39  Carrier (Chrono Boost)  
  121  10:54  Anion Pulse-Crystals, Probe  
  122  11:04  Probe  
  123  11:15  Probe  
  136  11:21  Nexus  
  136  11:24  Pylon  
  136  11:29  Carrier x2 (Chrono Boost)  
  142  12:05  Carrier (Chrono Boost)  
  136  12:28  Carrier x2 (Chrono Boost)  
  160  12:54  Carrier x2 (Chrono Boost)  
  160  13:23  Protoss Air Weapons Level 1  
  160  13:25  Photon Cannon  
  160  13:27  Forge  
  160  13:33  Photon Cannon  
  160  13:34  Photon Cannon  
  160  13:51  Robotics Facility  
  160  14:27  Carrier (Chrono Boost)  
  160  14:28  Carrier (Chrono Boost)  
  190  14:32  Protoss Shields Level 1  
  190  14:38  Carrier (Chrono Boost)  
  190  14:39  Carrier x2 (Chrono Boost)  
  190  14:51  Observer  
  191  15:12  Assimilator  
  191  15:17  Assimilator  
  191  15:19  Pylon  
  191  15:22  Pylon  
  191  15:34  Protoss Air Armor Level 1  
  191  15:41  Oracle x2 (Chrono Boost)  
Show
View Real Time Build Order
Export as new Build Order

Minimal Zerg 

Build Orders: Pool First 

Get SALT Encoding   

  12  0:00  Drone  
  13  0:14  Overlord  
  13  0:18  Drone  
  14  0:32  Drone x2  
  16  0:37  Drone  
  17  0:46  Drone  
  18  0:50  Extractor  
  18  0:54  Spawning Pool  
  16  1:16  Hatchery  
  15  1:22  Drone  
  15  1:24  Drone  
  17  1:33  Overlord  
  17  1:45  Queen  
  19  1:54  Metabolic Boost  
  19  2:00  Zergling x2  
  20  2:02  Zergling x2  
  21  2:21  Queen  
  23  2:36  Drone x3  
  23  2:37  Drone  
  27  2:46  Drone  
  28  2:55  Hatchery  
  26  2:59  Drone x2  
  28  3:10  Drone  
  28  3:11  Drone x3  
  32  3:17  Overlord  
  32  3:19  Drone  
  33  3:22  Drone  
  34  3:28  Extractor  
  34  3:33  Drone x2  
  35  3:37  Extractor  
  35  3:38  Extractor  
  33  3:41  Drone  
  33  3:42  Drone x3  
  37  3:50  Roach Warren  
  37  3:52  Drone x3  
  39  4:08  Zergling x2  
  39  4:09  Zergling x12  
  42  4:44  Drone x2  
  42  4:45  Drone x5  
  43  4:51  Lair  
  43  4:52  Hatchery  
  42  5:04  Overlord  
  42  5:07  Drone  
  42  5:08  Drone  
  44  5:17  Overlord  
  44  5:22  Queen  
  46  5:29  Overlord  
  46  5:32  Drone x4  
  50  5:38  Roach x2  
  54  5:43  Roach x3  
  60  5:52  Hydralisk Den  
  60  5:56  Roach x4  
  67  6:01  Overlord  
  67  6:03  Overseer  
  67  6:08  Drone x2  
  67  6:09  Drone  
  67  6:11  Glial Reconstitution  
  70  6:16  Overlord  
  70  6:23  Hydralisk x3  
  70  6:24  Hydralisk  
  78  6:34  Overlord x2  
  78  6:35  Spore Crawler  
  77  6:41  Spore Crawler  
  77  6:46  Spore Crawler  
  77  6:56  Hydralisk x4  
  77  6:58  Hydralisk x2  
  87  7:07  Hydralisk x2  
  87  7:08  Hydralisk  
  91  7:12  Drone x2  
  94  7:15  Drone x2  
  94  7:16  Drone  
  96  7:23  Overlord  
  96  7:25  Drone x2  
  98  7:32  Evolution Chamber x2  
  98  7:34  Drone  
  98  7:35  Drone  
  98  7:37  Overlord  
  98  7:45  Drone  
  98  7:46  Drone x4  
  98  7:49  Overlord  
  103  7:58  Zerg Ground Armor Level 1, Zerg Missile Weapons Level 1  
  103  8:03  Hydralisk x4  
  111  8:07  Muscular Augments  
  111  8:12  Ravager  
  112  8:13  Ravager x5  
  112  8:19  Overlord  
  117  8:22  Extractor  
  117  8:23  Queen, Extractor  
  117  8:27  Drone x3  
  117  8:33  Overlord  
  117  8:34  Overlord  
  120  8:35  Overlord  
  120  8:36  Overlord  
  120  8:41  Spire  
  88  8:56  Hydralisk x4  
  77  9:07  Hydralisk  
  68  9:19  Drone x8  
  68  9:20  Drone x5  
  81  9:28  Hydralisk  
  83  9:32  Queen  
  83  9:37  Drone x2  
  83  9:38  Queen  
  87  9:43  Hydralisk x3  
  95  9:51  Hydralisk  
  97  9:53  Drone x2  
  99  10:03  Hydralisk x3  
  105  10:07  Drone x2  
  105  10:08  Drone  
  108  10:17  Drone x4  
  112  10:28  Hydralisk x4  
  116  10:42  Hatchery  
  116  10:49  Overseer  
  115  10:52  Corruptor x2  
  115  10:53  Corruptor  
  121  11:08  Corruptor x3  
  127  11:15  Zerg Ground Armor Level 2  
  127  11:17  Zerg Missile Weapons Level 2  
  127  11:27  Hydralisk x3  
  133  11:34  Drone x3  
  133  11:36  Drone x4  
  140  11:49  Overlord x2  
  140  11:58  Roach  
  140  11:59  Roach x7  
  145  12:08  Hydralisk  
  145  12:09  Hydralisk, Roach  
  145  12:15  Drone  
  147  12:16  Drone x2  
  147  12:20  Spore Crawler x2  
  146  12:34  Spore Crawler  
  142  12:41  Ravager x4  
  142  12:42  Ravager x4  
  135  12:58  Corruptor x5  
  101  13:11  Corruptor  
  101  13:12  Corruptor  
  68  13:20  Drone x3  
  68  13:21  Drone x3  
  68  13:26  Corruptor  
  76  13:37  Zerg Flyer Weapons Level 1  
  76  13:38  Corruptor  
  78  13:48  Corruptor x2  
  58  14:01  Corruptor  
  60  14:19  Drone x5  
  60  14:20  Drone x3  
  60  14:23  Extractor  
  65  14:42  Extractor  
  64  14:56  Corruptor  
  64  14:57  Corruptor x2  
  70  15:09  Corruptor  
  72  15:35  Hatchery  
  71  15:38  Hydralisk x3  
  77  15:44  Hydralisk  
  77  15:47  Hydralisk  
  81  16:05  Hydralisk x3  
  81  16:11  Hydralisk  
  89  16:19  Hydralisk x2  
  93  16:31  Hydralisk x3  
  97  16:46  Hydralisk x2  
  97  17:32  Roach x3  
  97  17:33  Roach x11  
  125  17:55  Ravager x2  
  125  17:56  Ravager x9  
  125  17:58  Ravager x3  
  139  18:01  Overlord  
  139  18:02  Overlord  
Tags
 
Add a new tag
Caveats
  • Supply blocks, unpowered buildings, or Contaminate may cause inaccurate times.
  • Supply counts are checked every 10 seconds.